 Dungeon Crawl Stone Soup version 0.17.1-1-g73c8601 (webtiles) character file.

11738 HughJohnson the Severer (level 11, -2/88 HPs)
             Began as a Deep Dwarf Berserker on Dec 12, 2015.
             Was a High Priest of Trog.
             Killed from afar by a fire giant (47 damage)
             ... with a bolt of fire
             ... on level 10 of the Dungeon on Dec 14, 2015.
             The game lasted 00:58:45 (8728 turns).

HughJohnson the Severer (Deep Dwarf Berserker)      Turns: 8728, Time: 00:58:46

Health: -2/88      AC: 19    Str: 28      XL:     11   Next: 53%
Magic:  8/8        EV:  8    Int:  6 (8)  God:    Trog [*****.]
Gold:   844        SH:  0    Dex:  6      Spells: 0 memorised, 10 levels left

rFire  . . .     SeeInvis .     v - +1 broad axe (antimagic)
rCold  . . .     Clarity  .     b - +0 plate armour
rNeg   + . .     SustAt   .     (no shield)
rPois  +         Gourm    .     V - +2 hat
rElec  .         Spirit   .     f - +1 cloak {rPois}
rCorr  .         Warding  .     M - +0 pair of gloves
rMut   .         Stasis   .     w - +0 pair of boots
MR     +++..                    (no amulet)
Stlth  ..........               D - ring "Utwoh" {rN+ MP+9 Dex-6 Stlth+} (curse)
                                h - +4 ring of strength

@: non-regenerating, extremely resistant to hostile enchantments, extremely
unstealthy
A: damage resistance, recharge devices, sense surroundings 2, slow regeneration
3
a: Device Recharging, Berserk, Trog's Hand, Brothers in Arms, Burn Spellbooks,
Renounce Religion


You were on level 10 of the Dungeon.
You worshipped Trog.
Trog was extremely pleased with you.
You were not hungry.

You visited 2 branches of the dungeon, and saw 11 of its levels.

You collected 844 gold pieces.

Inventory:

Hand Weapons
 v - a +1 antimagic broad axe (weapon)
 L - a +0 battleaxe
 T - a +0 blowgun
Missiles
 e - 2 javelins
 m - a throwing net
 n - 36 bolts
 x - 9 tomahawks (quivered)
 y - 59 poisoned needles
 F - 7 needles of slowing
 U - 8 needles of sleeping
Armour
 b - a +0 plate armour (worn)
 f - a +1 cloak of poison resistance (worn)
 w - a +0 pair of boots (worn)
 M - a +0 pair of gloves (worn)
 V - a +2 hat (worn)
Rods
 H - a +2 rod of destruction (13/13)
   (You found it on level 5 of the Dungeon)
Jewellery
 h - a +4 ring of strength (left hand)
 k - a +4 ring of intelligence
 z - an uncursed ring of protection from magic
 D - the cursed ring "Utwoh" (right hand) {rN+ MP+9 Dex-6 Stlth+}
   (You found it on level 4 of the Dungeon)

   [ring of dexterity]

   It affects your dexterity (-6).
   It protects you from negative energy.
   It affects your magic capacity (+9).
   It makes you more stealthy.
   It has a curse placed upon it.
Wands
 c - a wand of heal wounds (0)
 q - a wand of enslavement (14)
 s - a wand of random effects (30)
 A - a wand of flame (15)
 B - a wand of frost (33)
 C - a wand of flame (30)
 E - a wand of slowing (25)
Scrolls
 d - a scroll of fear {unknown}
 g - 2 scrolls of recharging {unknown}
 j - a scroll of amnesia {unknown}
 l - 5 scrolls of identify {unknown}
 G - 2 scrolls of noise {unknown}
 J - 4 scrolls of enchant weapon {unknown}
 K - 4 scrolls of vulnerability {unknown}
 O - 2 scrolls of remove curse {unknown}
 Q - 3 scrolls of magic mapping {unknown}
 S - 2 scrolls of random uselessness {unknown}
 W - 2 scrolls of fog {unknown}
Potions
 a - 2 potions of poison {unknown}
 p - 2 potions of flight {unknown}
 t - 5 potions of curing
 u - 4 potions of lignification {unknown}
 I - 2 potions of invisibility {unknown}
Comestibles
 i - 6 fruits
 o - 2 beef jerkies
 r - 3 meat rations
 N - a slice of pizza
 P - 6 chunks of flesh


   Skills:
 - Level 2.6 Fighting
 + Level 17.7 Axes
 - Level 1.0 Throwing
 - Level 5.4 Armour
 - Level 2.1 Dodging
 - Level 5.7 Evocations


You had 10 spell levels left.
You didn't know any spells.

Dungeon Overview and Level Annotations

Branches:
Dungeon (10/15)            Temple (1/1) D:6            Lair (0/8) D:8
    Orc: D:9-12

Altars:
Ashenzari
Cheibriados
Dithmenos
Elyvilon
Fedhas
Gozag
Kikubaaqudgha
Makhleb
Nemelex Xobeh
Okawaru
Qazlal
Ru
Sif Muna
Trog
Vehumet
Xom
Yredelemnul
Zin
The Shining One


Innate Abilities, Weirdness & Mutations

You are resistant to damage.
You can recharge devices by infusing magical energy.
You passively map the area around you.
You do not regenerate naturally.


Message History

The worker ant bites you but does no damage.
You closely miss the worker ant.
The worker ant is almost dead.
You closely miss the worker ant.
The worker ant is almost dead.
The worker ant barely misses you.
You slash the worker ant!
You kill the worker ant!
Trog accepts your kill.
You open the door.
A fire giant and a flayed ghost come into view.
Found two escape hatches in the ceiling and two escape hatches in the floor.
There is an open door here.
Your skin crawls.
You feel resistant to hostile enchantments.
You feel slightly more hungry.
The fire giant points at you and mumbles some strange words.
The bolt of fire hits you!
Ouch! That really hurt!
You die...

##### #### #...######### #..#
#...#.......####..#
######......)#.........##########
...........#####.................
.........###>.<###............(..
##.....### #...#@###.....########
.....### ,,#.W.#...###.....######
...### , , #...#.....###.........
.### , #...#C......###....... ##
+...'........<###..... .### , ,
#...#.......###....### ...###,
#...#.....###.....#### .....###
#...#...###........... .......###
#...#.###.............


You could see a fire giant.

Vanquished Creatures
  The ghost of Gargoyl the Covered, a novice DsAK of Lugonu (D:6)
  A hill giant (D:10)
  A cyclops (D:10)
  Maurice (D:8)
  Joseph (D:7)
  The ghost of Peloso the Skirmisher, an amateur MiFi (D:4)
  A wraith (D:10)
  Sigmund (D:2)
  10 yaks
  A wyvern (D:9)
  3 basilisks (D:8)
  A golden eye (shapeshifter) (D:10)
  2 hippogriffs
  A steam dragon (D:7)
  Menkaure (D:4)
  3 porcupines (D:8)
  An ice beast (D:7)
  2 black bears
  8 centaurs
  2 sky beasts
  An orc warrior (D:6)
  8 ogres
  A phantom (D:4)
  7 crocodiles
  10 giant frogs
  A gnoll sergeant (D:6)
  3 big kobolds (D:8)
  2 brain worms (D:10)
  4 scorpions
  4 wights (D:9)
  4 crimson imps
  4 killer bees (D:10)
  2 giant frog skeletons
  3 jellies
  Crazy Yiuf (D:2)
  4 orc priests
  Ijyb (D:2)
  7 hounds
  2 iguanas
  Terence (D:2)
  4 gnoll shamans
  6 orc wizards
  9 worker ants
  A hound zombie (D:6)
  2 hound skeletons
  8 adders
  43 gnolls
  4 river rats (D:8)
  3 shadow imps
  An adder zombie (D:5)
  2 worms
  6 giant geckos
  27 orcs
  4 ball pythons
  8 goblins
  8 hobgoblins
  29 jackals
  4 quokkas
  5 bats
  6 giant cockroaches
  A giant gecko skeleton (D:5)
  4 giant newts
  22 kobolds
  15 rats
  A fungus (D:2)
336 creatures vanquished.

Vanquished Creatures (others)
  A plant (D:8)
1 creature vanquished.

Grand Total: 337 creatures vanquished

Notes
Turn   | Place    | Note
--------------------------------------------------------------
     0 | D:1      | HughJohnson the Deep Dwarf Berserker began the quest for the Orb.
     0 | D:1      | Reached XP level 1. HP: 20/20 MP: 1/1
    97 | D:1      | Reached skill level 1 in Evocations
   122 | D:1      | Reached XP level 2. HP: 27/27 MP: 2/2
   130 | D:1      | Reached skill level 4 in Axes
   183 | D:1      | Reached ** piety under Trog
   416 | D:1      | Reached XP level 3. HP: 17/33 MP: 3/3
   833 | D:2      | Noticed Ijyb
   847 | D:2      | Killed Ijyb
   847 | D:2      | Reached skill level 5 in Axes
   847 | D:2      | Reached XP level 4. HP: 26/40 MP: 4/4
   920 | D:2      | Noticed Terence
   929 | D:2      | Killed Terence
  1116 | D:2      | Noticed Sigmund
  1123 | D:2      | Noticed Crazy Yiuf
  1135 | D:2      | Killed Sigmund
  1135 | D:2      | Reached skill level 7 in Axes
  1135 | D:2      | Reached XP level 5. HP: 46/46 MP: 2/5
  1142 | D:2      | Killed Crazy Yiuf
  1142 | D:2      | Reached XP level 6. HP: 53/55 MP: 2/6
  2286 | D:4      | Noticed Menkaure
  2293 | D:4      | Killed Menkaure
  2293 | D:4      | Reached skill level 8 in Axes
  2365 | D:4      | Found a shimmering altar of Xom.
  2451 | D:4      | Got a fine marble ring
  2456 | D:4      | Identified the cursed ring "Utwoh" {rN+ MP+9 Dex-6 Stlth+} (You found it on level 4 of the Dungeon)
  2508 | D:4      | Reached XP level 7. HP: 56/61 MP: 7/7
  2561 | D:4      | Reached skill level 9 in Axes
  2602 | D:4      | Found a snail-covered altar of Cheibriados.
  2606 | D:4      | Reached *** piety under Trog
  2875 | D:4      | Noticed Peloso's ghost (amateur MiFi)
  2898 | D:4      | Killed Peloso's ghost
  2898 | D:4      | Reached skill level 10 in Axes
  2966 | D:5      | Entered Level 5 of the Dungeon
  3149 | D:5      | Reached XP level 8. HP: 23/68 MP: 8/8
  3212 | D:5      | Reached skill level 11 in Axes
  3609 | D:6      | Found an iron altar of Okawaru.
  3640 | D:6      | Identified a +2 rod of destruction (13/13) (You found it on level 5 of the Dungeon)
  3694 | D:6      | Found a staircase to the Ecumenical Temple.
  3697 | D:6      | Noticed Gargoyl's ghost (novice DsAK)
  3734 | D:6      | Killed Gargoyl's ghost
  3734 | D:6      | Reached skill level 12 in Axes
  3734 | D:6      | Gained mutation: You passively map the area around you. [Deep Dwarf growth]
  3734 | D:6      | Reached XP level 9. HP: 46/74 MP: 11/11
  3744 | Temple   | Entered the Ecumenical Temple
  4093 | D:6      | Found a glowing golden altar of the Shining One.
  4185 | D:6      | Reached **** piety under Trog
  4603 | D:6      | Reached skill level 13 in Axes
  4603 | D:6      | Reached skill level 5 in Evocations
  5184 | D:7      | Reached skill level 5 in Armour
  5214 | D:7      | Noticed Joseph
  5239 | D:7      | Killed Joseph
  5652 | D:7      | Found an opulent altar of Gozag.
  5850 | D:7      | Found a burning altar of Makhleb.
  6188 | D:8      | Reached XP level 10. HP: 59/81 MP: 14/14
  6192 | D:8      | Noticed Maurice
  6224 | D:8      | Found a stormy altar of Qazlal.
  6302 | D:8      | Reached skill level 14 in Axes
  6406 | D:8      | Reached skill level 15 in Axes
  6421 | D:8      | Reached ***** piety under Trog
  6482 | D:8      | Found a staircase to the Lair.
  6806 | D:8      | Killed Maurice
  6915 | D:8      | Reached skill level 16 in Axes
  6919 | D:8      | Identified the Papyrus of Creation (You found it on level 8 of the Dungeon)
  7121 | D:8      | Received a gift from Trog
  7446 | D:9      | Reached XP level 11. HP: 45/88 MP: 15/15
  7822 | D:9      | Found a shadowy altar of Dithmenos.
  7936 | D:10     | Entered Level 10 of the Dungeon
  7948 | D:10     | Received a gift from Trog
  7948 | D:10     | Reached skill level 17 in Axes
  8277 | D:10     | Reached skill level 1 in Throwing
  8440 | D:10     | Noticed a hill giant
  8448 | D:10     | Killed a hill giant
  8723 | D:10     | Noticed a flayed ghost
  8723 | D:10     | Noticed a fire giant
  8728 | D:10     | Killed from afar by a fire giant

Action                   |  1- 3 |  4- 6 |  7- 9 | 10-12 || total
-------------------------+-------+-------+-------+-------++-------
Melee: Hand axe          |    91 |   180 |   289 |       ||   560
       War axe           |       |       |   211 |       ||   211
       Battleaxe         |       |       |    50 |   236 ||   286
       Broad axe         |       |       |       |   102 ||   102
Throw: Tomahawk          |       |     5 |    18 |    17 ||    40
Invok: Berserk           |     4 |     5 |    13 |    10 ||    32
       Trog's Hand       |       |     3 |     7 |     8 ||    18
Evoke: Wand              |       |       |     3 |     2 ||     5
       Rod               |       |       |       |     6 ||     6
  Use: Potion            |       |       |       |     1 ||     1
  Eat: Chunk             |     3 |    12 |    25 |    20 ||    60
       Beef jerky        |       |       |     1 |     1 ||     2
